 Dungeon Crawl Stone Soup version 0.25-a0-51-gc466198 (webtiles) character file.

Game seed: 15462467335843120737, levelgen mode: deterministic

291518 Faca the Phalangite (level 20, -5/189 HPs)
             Began as a Merfolk Gladiator on Oct 23, 2019.
             Was the Champion of Okawaru.
             Slain by a rakshasa
             ... wielding a +0 trident
              (9 damage)
             ... on level 4 of the Abyss on Oct 24, 2019.
             The game lasted 03:02:28 (48086 turns).

Faca the Phalangite (Merfolk Gladiator)            Turns: 48086, Time: 03:02:28

Health: -5/189     AC: 18    Str: 25    XL:     20   Next: 77%
Magic:  27/27      EV: 26    Int: 15    God:    Okawaru [******]
Gold:   3534       SH: 25    Dex: 23    Spells: 19/19 levels left

rFire    . . .     SeeInvis .   Q - +2 trident (venom)
rCold    + + .     Gourm    .   T - +5 large shield of Qew Yjiewyu {rC+ Int+6}
rNeg     + . .     Faith    .   n - +1 scale mail "Irphint" {rPois rN+ MR+}
rPois    +         Spirit   .   O - +1 helmet {Int+3}
rElec    .         Reflect  .   i - +2 cloak {rC+}
rCorr    .         Harm     .   R - +0 pair of gloves "Haakleyh" {Regen+ Str+3 Int-3 Dex+8}
MR       +++..                  J - +0 pair of boots
Stlth    +.........             j - amulet of Vitality {Regen+ HP+15}
HPRegen  1.21/turn              A - +5 ring of evasion
MPRegen  0.20/turn              l - ring of protection from magic

@: liquid flames, grasped by roots, very slightly contaminated, glowing,
constricted, drained
A: change form in water, swift swim, stealthy swim
}: 2/15 runes: decaying, gossamer
a: Heroism, Finesse, Renounce Religion


You were on level 4 of the Abyss.
You worshipped Okawaru.
Okawaru was exalted by your worship.
You were not hungry.

You visited 7 branches of the dungeon, and saw 35 of its levels.
You visited the Abyss 1 time.
You also visited: Ice Cave and Wizlab.

You collected 4282 gold pieces.
You spent 748 gold pieces at shops.

Inventory:

Hand Weapons
 Q - a +2 trident of venom (weapon)
Missiles
 d - 2 throwing nets
 I - 19 silver javelins
 M - 17 javelins (quivered)
Armour
 i - a +2 cloak of cold resistance (worn)
 n - the +1 scale mail "Irphint" (worn) {rPois rN+ MR+}
   (You found it on level 4 of the Dungeon)

   It protects you from poison.
   It protects you from negative energy.
   It affects your resistance to hostile enchantments.
 t - a +1 chain mail of magic resistance
 E - a +0 shield
 J - a +0 pair of boots (worn)
 O - a +1 helmet of intelligence (worn)
 R - the +0 pair of gloves "Haakleyh" (worn) {Regen+ Str+3 Int-3 Dex+8}
   (Okawaru gifted it to you on level 3 of the Lair of Beasts)

   It affects your strength (+3).
   It affects your intelligence (-3).
   It affects your dexterity (+8).
   It increases your rate of regeneration.
 T - the +5 large shield of Qew Yjiewyu (worn) {rC+ Int+6}
   (Okawaru gifted it to you on level 3 of the Vaults)

   It affects your intelligence (+6).
   It protects you from cold.
Jewellery
 j - the amulet of Vitality (around neck) {Regen+ HP+15}
   (You found it on level 1 of the Vaults)

   [amulet of regeneration]

   It affects your health (+15).
   It increases your rate of regeneration.
 l - a ring of protection from magic (right hand)
 A - a +5 ring of evasion (left hand)
 U - an uncursed ring of see invisible
 X - an uncursed ring of resist corrosion
Wands
 x - a wand of iceblast (28)
 C - a wand of paralysis (28)
 G - a wand of acid (22)
 N - a wand of digging (22)
 S - a wand of clouds (4)
Scrolls
 c - 3 scrolls of fear
 g - 7 scrolls of identify
 h - 14 scrolls of remove curse
 s - a scroll of holy word
 v - 11 scrolls of teleportation
 y - a scroll of summoning
 z - 10 scrolls of fog
 D - 4 scrolls of enchant weapon
 F - 6 scrolls of enchant armour
 H - a scroll of magic mapping
Potions
 b - 6 potions of invisibility
 e - 12 potions of haste
 k - 3 potions of lignification
 m - a potion of resistance
 o - a potion of curing
 q - 7 potions of flight
 r - 2 potions of berserk rage
 u - 4 potions of cancellation
 w - 10 potions of ambrosia
 L - 5 potions of might
 P - 5 potions of mutation
 V - 3 potions of agility
Comestibles
 f - 43 rations


   Skills:
 + Level 19.3(18.5) Fighting
 + Level 23.4(22.4) Polearms
 + Level 7.0(6.3) Throwing
 - Level 10.0(9.2) Armour
 + Level 19.2(18.3) Dodging
 + Level 13.8(13.0) Shields
 - Level 10.0(9.2) Invocations


You had 19 spell levels left.
You didn't know any spells.
Your spell library contained the following spells:

 Spells                   Type           Power        Failure   Level  Hunger
 Animate Skeleton         Necr           N/A          95%         1    ##.....
 Apportation              Tloc           #.....       95%         1    ##.....
 Beastly Appendage        Tmut           #.....       95%         1    ##.....
 Confusing Touch          Hex            #.....       95%         1    ##.....
 Corona                   Hex            #......      95%         1    ##.....
 Magic Dart               Conj           #...         95%         1    ##.....
 Shock                    Conj/Air       #...         95%         1    ##.....
 Summon Butterflies       Summ           #.......     95%         1    ##.....
 Summon Small Mammal      Summ           #...         95%         1    ##.....
 Corpse Rot               Necr           N/A          98%         2    ###....
 Passwall                 Tmut/Erth      #.......     98%         2    ###....
 Poisonous Vapours        Pois/Air       #.....       98%         2    ###....
 Searing Ray              Conj           #.....       98%         2    ###....
 Sticks to Snakes         Tmut           #.......     98%         2    ###....
 Sublimation of Blood     Necr           #.........   98%         2    ###....
 Swiftness                Chrm/Air       #.......     98%         2    ###....
 Conjure Flame            Conj/Fire      #.......     100%        3    ####...
 Dazzling Spray           Conj/Hex       #.....       100%        3    ####...
 Ignite Poison            Fire/Tmut/Pois #.......     100%        3    ####...
 Lesser Beckoning         Tloc           #.........   100%        3    ####...
 Mephitic Cloud           Conj/Pois/Air  #.......     100%        3    ####...
 Portal Projectile        Hex/Tloc       #.....       100%        3    ####...
 Spider Form              Tmut/Pois      #.........   100%        3    ####...
 Static Discharge         Conj/Air       #.......     100%        3    ####...
 Tukima's Dance           Hex            #.......     100%        3    ####...
 Airstrike                Air            #.........   100%        4    #####..
 Animate Dead             Necr           N/A          100%        4    #####..
 Force Lance              Conj/Tloc      #.......     100%        4    #####..
 Fulminant Prism          Conj/Hex       #.........   100%        4    #####..
 Ice Form                 Ice/Tmut       #.......     100%        4    #####..
 Iskenderun's Mystic Bla  Conj           #.......     100%        4    #####..
 Passage of Golubria      Tloc           N/A          100%        4    #####..
 Petrify                  Tmut/Erth      #.......     100%        4    #####..
 Alistair's Intoxication  Tmut/Pois      #.......     100%        5    ######.
 Blade Hands              Tmut           #.........   100%        5    ######.
 Irradiate                Conj/Tmut      #.........   100%        5    ######.
 Lee's Rapid Deconstruct  Erth           #.........   100%        5    ######.
 Lightning Bolt           Conj/Air       #.........   100%        5    ######.
 Metabolic Englaciation   Hex/Ice        #.........   100%        5    ######.
 Summon Mana Viper        Hex/Summ       #.......     100%        5    ######.
 Bolt of Cold             Conj/Ice       #.........   100%        6    #######
 Darkness                 Hex            #.........   100%        6    #######
 Death Channel            Necr           #.........   100%        6    #######
 Freezing Cloud           Conj/Ice/Air   #.........   100%        6    #######
 Invisibility             Hex            #.......     100%        6    #######
 Ozocubu's Refrigeration  Ice            #.........   100%        6    #######
 Simulacrum               Ice/Necr       #.........   100%        6    #######
 Haunt                    Necr/Summ      #.........   100%        7    #######
 Ring of Flames           Chrm/Fire      #.........   100%        7    #######
 Borgnjor's Revivificati  Necr           #.........   100%        8    #######
 Death's Door             Chrm/Necr      #.........   100%        8    #######
 Infestation              Necr           #.........   100%        8    #######
 Necromutation            Tmut/Necr      #.........   100%        8    #######


Dungeon Overview and Level Annotations

Branches:
Dungeon (15/15)            Temple (1/1) D:5            Lair (6/6) D:11
  Swamp (4/4) Lair:4       Spider (4/4) Lair:2        Slime (0/5) Lair:6
    Orc (2/2) D:9             Elf (0/3) Orc:2        Vaults (3/5) D:13
  Crypt (0/3) Vaults:2     Depths (0/5) D:15          IceCv (visited)
 WizLab (visited)

Altars:
Ashenzari
Cheibriados
Dithmenos
Elyvilon
Fedhas
Gozag
Hepliaklqana
Kikubaaqudgha
Makhleb
Nemelex Xobeh
Okawaru
Qazlal
Ru
Sif Muna
Trog
Uskayaw
Wu Jian
Xom
Yredelemnul
Zin
The Shining One
Beogh
Jiyva

Shops:
D:4 (   D:8 :   D:9 (   D:12 [*(   D:14 ?(:}   D:15 *   Orc:2 =(*[

Annotations:
D:14 1 runed translucent door, exclusion: orange crystal statue
Lair:1 exclusion: oklob plant
Lair:5 exclusion: 4 oklob plants


Message History

The rakshasa is engulfed in spectral mist.
The rakshasa hits you with a +0 trident.
* * * LOW HITPOINT WARNING * * *
You feel better.
You are covered in liquid flames!
* * * LOW HITPOINT WARNING * * *
Your resistance to elements expires.
The dire elephant is engulfed in spectral mist. x2
You block the dire elephant's attack.
The dire elephant completely misses you.
The shambling mangrove is engulfed in spectral mist.
* * * LOW HITPOINT WARNING * * *
The grasping roots constrict you!
The worldbinder is engulfed in spectral mist.
You block the worldbinder's attack. The worldbinder hits you.
* * * LOW HITPOINT WARNING * * *
The spectral snapping turtle completely misses you.
You block the smoke demon's attack. x2; The smoke demon closely misses you.
The rakshasa hits you from afar with a +0 trident!
You die...

≈
≈#.......###..#
.......W≈E≈N.
..#.#### ##..
≈≈♣♣♣≈≈♣...# #
## .♣ ♣.§☼ ♣. ..
._#
....≈♣..♣Yf§.###
### ## ...≈
♣♣R##### # .#
...
♣.♣♣WL#R..#.. #.
## .
♣≈.WYxR.⌠.'.φ #
#. #
♣.♣♣Z@#...#.. .
# ♣♣3##### #. .
# ... ♣.R° #####
L... .. .≈R♣♣Z
.. . # . ≈≈♣♣♣≈Z
L °#.. #.. . .
♣≈≈.. ° ○ ≈≈##
.# .. .. #. # #.
N. 3#..#### ≈≈
#. .. #. ## ≈≈##


You could see 2 dire elephants, a shambling mangrove, a revenant, 5 rakshasas, a
spectral snapping turtle, a worldbinder, a smoke demon and 2 wraiths.

Vanquished Creatures
  A greater mummy (WizLab)
  Nikola (Swamp:2)
  Rupert (D:15)
  An Ice Fiend (IceCv)
  Jorgrun (Spider:3)
  2 deep elf blademasters (Abyss:4)
  A tentacled starspawn (Abyss:4)
  A sphinx (Vaults:1)
  Kirke (Swamp:4)
  Donald (Vaults:3)
  6 thorn hunters
  A fire giant (Vaults:2)
  A frost giant (Vaults:2)
  2 deep elf sorcerers (Abyss:4)
  3 vault wardens
  8 emperor scorpions
  An orc warlord (Orc:2)
  6 ghost moths
  5 ironheart preservers
  5 entropy weavers
  10 very ugly things
  4 stone giants
  A war gargoyle (Vaults:2)
  3 spark wasps
  Azrael (Orc:1)
  The ghost of Wuag the Trollish Aeon, a journeyman TrMo of Cheibriados (Orc:1)
  A dire elephant (Abyss:4)
  3 ettins
  A mummy priest (WizLab)
  A great orb of eyes (Vaults:1)
  2 fire dragons
  Josephine (D:11)
  2 yaktaur captains
  Harold (D:7)
  A ghost crab (Swamp:3)
  Erolcha (Orc:2)
  23 hydras
  6 centaur warriors
  4 ice dragons
  Erica (D:9)
  2 shambling mangroves
  3 death knights
  2 ogre magi
  13 two-headed ogres
  A satyr (Abyss:4)
  11 alligators
  2 tengu warriors (D:15)
  A thrashing horror (Abyss:4)
  A deep elf knight (Vaults:3)
  Urug (Lair:4)
  6 skeletal warriors (D:15)
  A fire crab (Lair:6)
  A sixfirhy (Abyss:4)
  2 spriggan druids (Swamp:4)
  A spark wasp zombie (WizLab)
  2 unseen horrors
  A flayed ghost (D:15)
  9 swamp dragons
  A wizard (Vaults:1)
  6 ironbrand convokers
  A deep elf archer (Vaults:3)
  2 lindwurms (Lair:6)
  7 orc knights
  2 mana vipers
  A fire giant zombie (WizLab)
  23 orb spiders
  A necromancer (D:15)
  12 ugly things
  A sphinx zombie (D:15)
  3 orc sorcerers
  22 wolf spiders
  7 deep elf magi
  3 worldbinders (Abyss:4)
  A frost giant zombie (D:15)
  17 cyclopes
  A faun (shapeshifter) (Vaults:1)
  6 black mambas
  2 moths of wrath (Spider:3)
  8 vault sentinels
  An elf zombie (D:15)
  A rust devil (Abyss:4)
  2 centaur zombies
  2 smoke demons (Abyss:4)
  7 torpor snails
  2 guardian serpents
  Psyche (D:8)
  A fire giant skeleton (D:15)
  16 spiny frogs
  2 water nymphs (Abyss:4)
  A yaktaur (shapeshifter) (Vaults:1)
  2 demonspawn zombies (WizLab)
  9 freezing wraiths
  7 komodo dragons
  9 rime drakes
  2 tengu conjurers (D:13)
  An ancient zyme (Abyss:4)
  3 efreet
  19 yaktaurs
  2 anaconda simulacra (IceCv)
  2 kobold demonologists
  5 ice devils (IceCv)
  3 meliai (D:13)
  14 demonic crawlers
  30 jumping spiders
  4 guardian mummies
  7 trolls
  A wolf spider simulacrum (IceCv)
  7 tyrant leeches
  A jumping spider (shapeshifter) (D:15)
  14 hornets
  5 bog bodies
  2 deep troll zombies (WizLab)
  6 raiju (Abyss:4)
  29 blink frogs
  An ettin zombie (WizLab)
  2 fire dragon zombies (WizLab)
  33 slime creatures
  11 hippogriffs
  2 vampires
  A water elemental (Abyss:4)
  Sigmund (D:6)
  123 redbacks
  A dire elephant simulacrum (IceCv)
  4 shadows
  6 spriggans
  29 tarantellas
  8 wraiths
  4 hogs (Swamp:4)
  A ynoxinul (Abyss:4)
  A wyvern (D:13)
  3 fire elementals
  3 basilisks
  44 yaks
  2 death yak simulacra (IceCv)
  A human simulacrum (Vaults:2)
  A wandering mushroom (D:11)
  3 hungry ghosts
  2 steam dragons (Lair:6)
  35 vampire mosquitoes
  A warg (Orc:2)
  A monstrous demonspawn zombie (WizLab)
  2 human zombies (WizLab)
  A soldier ant (shapeshifter) (Vaults:1)
  3 harpy simulacra (IceCv)
  4 iron troll simulacra (IceCv)
  16 swamp worms
  2 large abominations (Abyss:4)
  Menkaure (D:7)
  6 insubstantial wisps
  A naga (Abyss:4)
  4 acid dragons
  17 water moccasins
  5 hydra simulacra (IceCv)
  3 porcupines (Lair:3)
  4 hell hounds
  7 sky beasts
  2 black bears
  23 orc warriors
  18 swamp drakes
  2 alligator simulacra (IceCv)
  2 ice beasts
  2 eyes of draining (D:13)
  A necrophage (D:7)
  18 ogres
  23 centaurs
  6 wolves
  2 phantoms (D:5)
  A big kobold (D:10)
  A yaktaur zombie (WizLab)
  23 crocodiles
  20 bullfrogs
  4 wyvern zombies
  3 wyvern skeletons
  5 scorpions
  A water moccasin skeleton (D:4)
  6 killer bees (D:10)
  6 wights
  A swamp dragon simulacrum (IceCv)
  An elephant simulacrum (IceCv)
  4 howler monkeys
  16 electric eels
  5 crimson imps
  2 quasits
  4 bullfrog zombies
  8 orc priests
  5 hounds
  22 orc wizards
  3 centaur skeletons
  A gnoll shaman (D:5)
  A bullfrog skeleton (D:8)
  7 jellies
  5 iguanas
  2 iron imps (Abyss:4)
  Ijyb (D:4)
  14 worker ants
  A spriggan simulacrum (IceCv)
  5 troll simulacra (IceCv)
  A centaur simulacrum (IceCv)
  8 gnolls
  2 ogre simulacra (IceCv)
  16 adders
  3 naga simulacra (IceCv)
  2 white imps (IceCv)
  4 ufetubi (IceCv)
  2 adder zombies
  An adder skeleton (D:8)
  A worm (D:2)
  2 dart slugs
  4 leopard geckos
  76 orcs
  5 giant cockroaches
  7 goblins
  8 hobgoblins
  20 jackals
  9 quokkas
  2 ball pythons
  12 bats
  5 frilled lizards
  12 kobolds
  A leopard gecko skeleton (D:6)
  10 rats
  A plant (Lair:6)
  A starspawn tentacle (Abyss:4)
1416 creatures vanquished.

Vanquished Creatures (others)
  An orb spider (Spider:1)
  A worldbinder (Abyss:4)
  A naga mage (Abyss:4)
  2 jumping spiders
  A redback (Spider:1)
  3 orc warriors (Vaults:3)
  An orc wizard (Vaults:3)
  An adder (D:11)
  2 white imps (IceCv)
  An ufetubus (IceCv)
  An orc (Vaults:3)
  A kobold (D:10)
  2 briar patches (Swamp:4)
  2 bushes (Abyss:4)
  2 demonic plants (Abyss:4)
  2 fungi
  34 plants
  9 starspawn tentacles (Abyss:4)
  12 toadstools (Lair:5)
79 creatures vanquished.

Grand Total: 1495 creatures vanquished

Notes
Turn   | Place    | Note
-------+----------+-------------------------------------------
     0 | D:1      | Faca the Merfolk Gladiator began the quest for the Orb.
     0 | D:1      | Reached XP level 1. HP: 16/16 MP: 1/1
   138 | D:1      | Reached XP level 2. HP: 23/23 MP: 2/2
   235 | D:1      | Reached skill level 5 in Polearms
   375 | D:1      | Reached XP level 3. HP: 28/29 MP: 3/3
  1152 | D:2      | Reached XP level 4. HP: 28/35 MP: 4/4
  1222 | D:2      | Reached skill level 6 in Polearms
  2216 | D:3      | Reached XP level 5. HP: 31/42 MP: 5/5
  2414 | D:3      | Found a faded altar of an unknown god.
  2875 | D:3      | Reached skill level 7 in Polearms
  3472 | D:3      | Reached XP level 6. HP: 42/50 MP: 6/6
  3760 | D:4      | Found Qofyturr's Antique Weapon Emporium.
  3771 | D:3      | Reached skill level 5 in Fighting
  3787 | D:4      | Got a twisted scale mail
  3835 | D:4      | Identified the +1 scale mail "Irphint" {rPois rN+ MR+} (You
                  | found it on level 4 of the Dungeon)
  4227 | D:4      | Noticed Ijyb
  4241 | D:4      | Killed Ijyb
  4522 | D:4      | Found Naizas's Mayhem Merchandise.
  4573 | D:5      | Entered Level 5 of the Dungeon
  4623 | D:5      | Reached skill level 8 in Polearms
  4722 | D:5      | Found a staircase to the Ecumenical Temple.
  4744 | Temple   | Entered the Ecumenical Temple
  4807 | Temple   | Became a worshipper of Warmaster Okawaru
  4859 | D:5      | Reached XP level 7. HP: 57/57 MP: 7/7
  5037 | D:5      | Reached skill level 9 in Polearms
  5175 | D:5      | Reached * piety under Okawaru
  5768 | D:5      | Reached XP level 8. HP: 54/67 MP: 8/8
  5885 | D:5      | Reached skill level 10 in Polearms
  6208 | D:6      | Reached ** piety under Okawaru
  6357 | D:6      | Found a shimmering blue altar of Sif Muna.
  6503 | D:6      | Noticed Sigmund
  6519 | D:6      | Killed Sigmund
  6519 | D:6      | Reached skill level 11 in Polearms
  6741 | D:6      | Got a translucent ring mail
  6752 | D:6      | Identified the +0 ring mail of Tonkuar {Dex+3} (You found
                  | it on level 6 of the Dungeon)
  6840 | D:6      | Reached XP level 9. HP: 48/75 MP: 9/9
  7133 | D:6      | Reached skill level 12 in Polearms
  7169 | D:6      | Reached skill level 1 in Shields
  7459 | D:7      | Reached skill level 5 in Dodging
  7717 | D:7      | Noticed a two-headed ogre
  7731 | D:7      | Killed a two-headed ogre
  7731 | D:7      | Reached *** piety under Okawaru
  7752 | D:7      | Reached XP level 10. HP: 22/85 MP: 10/10
  8066 | D:7      | Reached skill level 10 in Fighting
  8067 | D:7      | Noticed Menkaure
  8342 | D:7      | Killed Menkaure
  8342 | D:7      | Reached skill level 13 in Polearms
  8456 | D:7      | Reached **** piety under Okawaru
  8518 | D:7      | Found a hazy altar of Hepliaklqana.
  8571 | D:7      | Noticed Harold
  8794 | D:7      | Killed Harold
  9358 | D:8      | Reached skill level 5 in Shields
  9537 | D:8      | Found Naypunli's Book Shop.
  9639 | D:8      | Noticed Psyche
  9648 | D:8      | Killed Psyche
 10355 | D:9      | Reached skill level 14 in Polearms
 10356 | D:9      | Found Bosh's Magic Scroll Boutique.
 10360 | D:9      | Found an ancient bone altar of Kikubaaqudgha.
 10391 | D:9      | Noticed a two-headed ogre
 10401 | D:9      | Killed a two-headed ogre
 10401 | D:9      | Reached ***** piety under Okawaru
 10401 | D:9      | Received a gift from Okawaru
 10401 | D:9      | Reached XP level 11. HP: 57/93 MP: 8/11
 10418 | D:9      | Noticed Erica
 11059 | D:9      | Found a staircase to the Orcish Mines.
 11059 | D:9      | Found Jeaqio's Weapon Boutique.
 11383 | D:9      | Killed Erica
 11647 | D:10     | Entered Level 10 of the Dungeon
 11686 | D:10     | Noticed a two-headed ogre
 11957 | D:10     | Noticed a two-headed ogre
 11977 | D:10     | Killed a two-headed ogre
 11977 | D:10     | Received a gift from Okawaru
 12555 | D:10     | Reached skill level 10 in Dodging
 12660 | D:10     | Killed a two-headed ogre
 12660 | D:10     | Reached skill level 15 in Polearms
 12964 | D:10     | Noticed a two-headed ogre
 12981 | D:10     | Killed a two-headed ogre
 12981 | D:10     | Received a gift from Okawaru
 14103 | D:11     | Noticed a six-headed hydra
 14115 | D:11     | Killed a six-headed hydra
 14115 | D:11     | Reached XP level 12. HP: 70/102 MP: 9/12
 14386 | D:11     | Found a staircase to the Lair.
 14386 | D:11     | Noticed Josephine
 14408 | D:11     | Killed Josephine
 14753 | D:11     | Reached skill level 16 in Polearms
 15273 | D:11     | Noticed a two-headed ogre
 15298 | D:11     | Killed a two-headed ogre
 15647 | D:12     | Found Pieraec's Antique Armour Shoppe.
 15753 | D:12     | Identified the cursed +3 spear "Faca's Peril" {pierce,
                  | *Noise +Inv rN+}
 16045 | D:12     | Found Masaamas's Assorted Antiques.
 16078 | D:12     | Bought a scroll labeled FAPORPH FOOCIPT for 29 gold pieces
 16078 | D:12     | Bought a bubbling red potion for 26 gold pieces
 16196 | D:12     | Noticed a two-headed ogre
 16201 | D:12     | Killed a two-headed ogre
 16281 | D:12     | Received a gift from Okawaru
 16672 | D:12     | Received a gift from Okawaru
 16694 | D:12     | Reached skill level 17 in Polearms
 16952 | D:12     | Reached XP level 13. HP: 111/111 MP: 10/13
 17089 | D:12     | Found Plog's Antique Weapon Boutique.
 17199 | D:12     | Reached skill level 10 in Shields
 17376 | D:12     | Bought a smoking scale mail for 261 gold pieces
 17376 | D:12     | Bought a scroll of identify for 58 gold pieces
 17386 | D:12     | Identified the cursed +0 scale mail "Hiyfiorch" {rPois
                  | Str-5 Dex+7} (You bought it in a shop on level 12 of the
                  | Dungeon)
 17429 | D:12     | Bought a faintly humming scale mail for 270 gold pieces
 17439 | D:12     | Identified the +6 scale mail "Vianuoc" {rPois} (You bought
                  | it in a shop on level 12 of the Dungeon)
 17599 | Lair:1   | Entered Level 1 of the Lair of Beasts
 17860 | Lair:1   | Found a shimmering altar of Xom.
 18705 | Lair:2   | You fall into a shaft and drop 2 floors!
 18761 | Lair:3   | Reached skill level 1 in Invocations
 18764 | Lair:3   | Received a gift from Okawaru
 18772 | Lair:3   | Got a pair of distressingly furry gloves {god gift}
 18803 | Lair:3   | Identified the +0 pair of gloves "Haakleyh" {Regen+ Str+3
                  | Int-3 Dex+8} (Okawaru gifted it to you on level 3 of the
                  | Lair of Beasts)
 18885 | Lair:2   | Reached skill level 1 in Armour
 19108 | Lair:2   | Reached ****** piety under Okawaru
 19342 | Lair:2   | Found a hole to the Spider Nest.
 19387 | Lair:2   | You fall into a shaft and drop 1 floor!
 19410 | Lair:3   | Reached skill level 18 in Polearms
 20547 | Lair:4   | Found a staircase to the Swamp.
 20620 | Lair:4   | Noticed Urug
 20633 | Lair:4   | Killed Urug
 20633 | Lair:4   | Received a gift from Okawaru
 21070 | Lair:4   | Identified the Guide on Stolen Souls
 21334 | Lair:5   | Reached XP level 14. HP: 121/121 MP: 17/17
 21812 | Lair:5   | Found a blossoming altar of Fedhas.
 22051 | Lair:6   | Entered Level 6 of the Lair of Beasts
 22140 | Lair:6   | Found a staircase to the Slime Pits.
 22141 | Lair:6   | Found a viscous altar of Jiyva.
 22242 | Lair:6   | Reached skill level 5 in Invocations
 22593 | Lair:6   | Received a gift from Okawaru
 23041 | Lair:6   | Found a runed translucent door.
 23059 | Lair:6   | Received a gift from Okawaru
 23098 | Lair:6   | Reached skill level 15 in Fighting
 23118 | Lair:6   | Got a pitted spear {god gift}
 23232 | Lair:6   | Identified the +9 spear of the Doomed Warrior {drain, MR-
                  | Str+4 Stlth+} (Okawaru gifted it to you on level 6 of the
                  | Lair of Beasts)
 23532 | Lair:6   | Reached skill level 19 in Polearms
 24064 | Orc:1    | Entered Level 1 of the Orcish Mines
 24231 | Orc:1    | Found a runed translucent door.
 24231 | Orc:1    | Noticed Wuag's ghost (journeyman TrMo)
 24340 | Orc:2    | Entered Level 2 of the Orcish Mines
 24340 | Orc:2    | Noticed Azrael
 24344 | Orc:2    | Noticed a stone giant
 24481 | Orc:1    | Killed a stone giant
 24686 | Orc:1    | Killed Azrael
 24686 | Orc:1    | Received a gift from Okawaru
 24693 | Orc:1    | Reached XP level 15. HP: 122/129 MP: 18/20
 24714 | Orc:2    | Found Cot Cichidghe's Antique Armour Boutique.
 25038 | Orc:1    | Found a roughly hewn altar of Beogh.
 25115 | Orc:1    | Reached skill level 5 in Armour
 25287 | Orc:2    | Found Hucyop's Antique Weapon Shop.
 25656 | Orc:2    | Found Kemohem's Jewellery Shop.
 25673 | Orc:2    | Bought a cursed ring of attention for 72 gold pieces
 25673 | Orc:2    | Bought a cursed amulet of inaccuracy for 32 gold pieces
 25704 | Orc:2    | Noticed an orc warlord
 25736 | Orc:2    | Killed an orc warlord
 25837 | Orc:2    | Found a staircase to the Elven Halls.
 26003 | Orc:2    | Noticed Erolcha
 26160 | Orc:2    | Killed Erolcha
 26210 | Orc:2    | Found Xyvvuly's General Store.
 26727 | D:13     | Found a shattered altar of Ashenzari.
 26815 | D:13     | Identified a scroll of acquirement
 27102 | D:13     | Found a gate to the Vaults.
 27304 | D:13     | Received a gift from Okawaru
 27934 | D:14     | Found Kaoby's Book Shoppe.
 28008 | D:14     | Found Alubumisadgh's Gadget Shop.
 28044 | D:14     | Reached skill level 20 in Polearms
 28072 | D:14     | Found Ublus's Weapon Emporium.
 28198 | D:14     | Found Komaam's Magic Scroll Boutique.
 28249 | D:14     | Found a runed translucent door.
 28479 | D:15     | Entered Level 15 of the Dungeon
 28643 | D:15     | Found a staircase to the Depths.
 29088 | D:15     | Received a gift from Okawaru
 29088 | D:15     | Reached XP level 16. HP: 134/138 MP: 20/22
 29110 | D:15     | Got an encrusted spear {god gift}
 29111 | D:15     | Identified the +4 spear "Gram" {antimagic, Str+4} (Okawaru
                  | gifted it to you on level 15 of the Dungeon)
 29325 | D:15     | Found Jadgh's Serpentskin Sales.
 29526 | D:15     | Noticed Rupert
 29559 | D:15     | Killed Rupert
 30132 | Spider:1 | Entered Level 1 of the Spider Nest
 30509 | Spider:1 | Found a frozen archway.
 30513 | IceCv    | Entered an ice cave
 30773 | IceCv    | Received a gift from Okawaru
 31304 | IceCv    | Noticed an Ice Fiend
 31380 | IceCv    | Killed an Ice Fiend
 31380 | IceCv    | Received a gift from Okawaru
 31380 | IceCv    | Reached skill level 10 in Invocations
 31415 | IceCv    | Got a brightly glowing robe {god gift}
 32499 | Spider:1 | Reached skill level 15 in Dodging
 33315 | Spider:2 | Reached XP level 17. HP: 112/146 MP: 18/24
 33787 | Spider:2 | Received a gift from Okawaru
 34611 | Spider:3 | Noticed Jorgrun
 34640 | Spider:3 | Killed Jorgrun
 34873 | Spider:3 | Received a gift from Okawaru
 34917 | Spider:3 | Got an encrusted scale mail
 34928 | Spider:3 | Identified the +3 scale mail of Fortitude {-Tele rPois rF-
                  | Stlth+} (You found it on level 3 of the Spider Nest)
 35513 | Spider:4 | Entered Level 4 of the Spider Nest
 36032 | Spider:4 | Reached skill level 21 in Polearms
 36455 | Spider:4 | Received a gift from Okawaru
 37487 | Spider:4 | Reached XP level 18. HP: 155/155 MP: 25/25
 37671 | Spider:4 | Received a gift from Okawaru
 37772 | Spider:4 | Got a gossamer rune of Zot
 38088 | Swamp:1  | Entered Level 1 of the Swamp
 38095 | Swamp:1  | Upgraded the game from 0.25-a0-44-g29a1220 to
                  | 0.25-a0-51-gc466198
 38813 | Swamp:2  | Noticed Nikola
 38844 | Swamp:2  | Killed Nikola
 39371 | Swamp:2  | Received a gift from Okawaru
 40026 | Swamp:3  | Received a gift from Okawaru
 40375 | Swamp:3  | Received a gift from Okawaru
 40793 | Swamp:4  | Entered Level 4 of the Swamp
 41419 | Swamp:4  | Reached skill level 22 in Polearms
 41645 | Swamp:4  | Noticed Kirke
 41666 | Swamp:4  | Killed Kirke
 41666 | Swamp:4  | Reached XP level 19. HP: 163/163 MP: 26/26
 42014 | Swamp:4  | Got a decaying rune of Zot
 42353 | Orc:1    | Killed Wuag's ghost
 42353 | Orc:1    | Received a gift from Okawaru
 42501 | Vaults:1 | Entered Level 1 of the Vaults
 42569 | Vaults:1 | Reached skill level 10 in Armour
 42676 | Vaults:1 | Found the amulet of Vitality {Regen+ HP+15}
 42948 | Vaults:1 | Got an ichor-stained helmet
 42959 | Vaults:1 | Identified the cursed +0 helmet "Vualiudd" {rF- Regen+
                  | Dex+2 Stlth+} (You found it on level 1 of the Vaults)
 43636 | Vaults:1 | Identified the +6 scale mail of Tartarus {Dex+4 SInv} (You
                  | found it on level 1 of the Vaults)
 43653 | Vaults:1 | You fall into a shaft and drop 1 floor!
 43902 | Vaults:1 | Received a gift from Okawaru
 45001 | Vaults:2 | Reached XP level 20. HP: 172/172 MP: 27/27
 45073 | Vaults:2 | Reached skill level 5 in Throwing
 45250 | Vaults:2 | Found a staircase to the Crypt.
 45861 | Vaults:3 | Identified the -3 shield "Xeomoraz" {+Blink rElec rF- SInv}
 45861 | Vaults:3 | Noticed Donald
 45877 | Vaults:3 | Killed Donald
 45877 | Vaults:3 | Reached skill level 23 in Polearms
 45902 | Vaults:3 | Found a magical portal.
 46283 | WizLab   | Noticed a greater mummy
 46321 | WizLab   | Killed a greater mummy
 46524 | WizLab   | Identified the Reference Book on Feathery Curses
 47110 | Vaults:3 | Received a gift from Okawaru
 47232 | Vaults:3 | Received a gift from Okawaru
 47236 | Vaults:3 | Got an encrusted large shield {god gift}
 47237 | Vaults:3 | Identified the +5 large shield of Qew Yjiewyu {rC+ Int+6}
                  | (Okawaru gifted it to you on level 3 of the Vaults)
 47400 | Vaults:3 | Cast into level 4 of the Abyss (a lich)
 47405 | Abyss:4  | Found a corrupted altar of Lugonu.
 47858 | Abyss:4  | Paralysed by accursed screaming for 1 turns
 47861 | Abyss:4  | Found a corrupted altar of Lugonu.
 48045 | Abyss:4  | Found a corrupted altar of Lugonu.
 48086 | Abyss:4  | HP: 8/189 [shambling mangrove (16)]
 48086 | Abyss:4  | Slain by a rakshasa

Levels and vault maps discovered:
D:1:      evilmike_arrival_plus, layout_basic, solitary_fountain
D:2:      layout_basic, cheibrodos_gnoll_hut
D:3:      layout_loops_corners, first_ration,
          chequers_ecumenical_altar_simple_redux, hangedman_decor_lopped,
          st_stairs_3
D:4:      layout_basic, serial_shops, shop_coins, minmay_shop_mayhem, uniq_ijyb
D:5:      minmay_opposing_rooms, layout_basic, minmay_temple_entry_proselytizer,
          minmay_misc_feat_diagonals, grunt_ministairs_14
D:6:      kennysheep_orc_sif_temple, layout_basic, uniq_sigmund
D:7:      layout_loops_ring, kennysheep_mini, minmay_chambers_of_fives,
          uniq_menkaure, uniq_harold
D:8:      layout_gridville, serial_shops, kennysheep_little_box, uniq_psyche
D:9:      layout_irregular_city, orc_david_3, serial_shops,
          nicolae_shop_competitors_out_of_business, basic_altar, uniq_erica
D:10:     layout_basic, chequers_arboretum
D:11:     layout_roguey, dpeg_oklobed_lair, the_bakery, uniq_josephine
D:12:     layout_loops_corners, gauntlet_entry_generic, serial_shops,
          kennysheep_mini_moat, shop, shop_statue, minmay_puff
D:13:     layout_basic, skrybe_vaults_entry_preservation,
          nicolae_ashenzari_panopticon
D:14:     layout_roguey, roderic_serpentine_path, serial_shops, shop_fountains,
          shop, shop, shop, minmay_crystal_box
D:15:     gammafunk_depths_entry_grave, layout_loops_corners,
          minmay_misc_feat_hallway, guppyfry_shop_venom, uniq_rupert
Temple:   regret_index_temple_sigil_plot
Lair:1:   layout_loops_ring, lemuel_oklob_altar, lemuel_fruit_fields
Lair:2:   layout_misc_corridors, spider_nest_entry_webs, disabler_island,
          grunt_megastairs_4
Lair:3:   layout_chaotic_city, st_stairs_6, nicolae_lair_grove_arrangements,
          minmay_stone_trees_large, beast_lair_carwin_1
Lair:4:   layout_gridlike, minmay_swamp_entry_worms, small_statue_intersection,
          infiniplex_staircase_pool, grunt_megastairs_1, serial_bayou_shore_a,
          uniq_urug
Lair:5:   layout_concentric_octagons, tgw_fedhas, minmay_lair_oklob_chamber
Lair:6:   guppyfry_lair_end_dragon, layout_hall_layers, wormcave, slime_altar_1,
          st_stairs_11
Swamp:1:  layout_basic_swamp, hangedman_swamp_blocks
Swamp:2:  layout_falls_marsh, evilmike_swamp_ruin_house_1, uniq_nikola
Swamp:3:  layout_basic_swamp, evilmike_swamp_ruin_rubble_2, swamp_pool4
Swamp:4:  swamp, layout_basic_swamp, swamp_pool5, uniq_kirke
Spider:1: layout_spider_delve, portal_ice_cave_entry_pillars_three,
          nicolae_spider_webbed_stairs
Spider:2: layout_spider_delve, nicolae_spider_nook
Spider:3: layout_spider_delve, hangedman_spider_tarantella_strand, uniq_jorgrun
Spider:4: grunt_spider_rune_circles
Orc:1:    layout_caves, gammafunk_ghost_grave, basic_altar
Orc:2:    grunt_orc_gardens, layout_caves, grunt_orc_garden, grunt_orc_garden,
          grunt_orc_garden, grunt_orc_garden, uniq_erolcha, uniq_azrael
Vaults:1: nicolae_vaults_network_quinsquares
          [nicolae_vaults_network_quincunx_subvault,
          nicolae_vaults_network_quincunx_subvault,
          nicolae_vaults_network_quincunx_subvault,
          nicolae_vaults_network_quincunx_subvault],
          nicolae_vaults_fighting_squares, ontoclasm_vaults_idyll,
          nicolae_vaults_triangles, ontoclasm_vaults_ligature, v_misc_16,
          vaults_room_door_hall, nicolae_vaults_specimen_jars, v_misc_19,
          layout_vaults_omnibox
Vaults:2: nicolae_vaults_hallways_thing, st_octagons_1, v_pattern_1,
          ontoclasm_vaults_hangar, nicolae_vaults_ring_of_whatevers,
          blue_anna_dwarven_crypt, v_alt_pattern_2, nicolae_vaults_little_ls,
          ontoclasm_vaults_hangar, nicolae_vaults_alarming,
          nicolae_vaults_little_squares_4, nicolae_vaults_what_the_h,
          ontoclasm_vaults_pinch, vaults_mumra_lcd, layout_vaults_maze_snakey
Vaults:3: v_misc_18, vaults_standard_mumra_lines, v_alt_pattern_6,
          grunt_vaults_hallway_short, vaults_dpeg_hooks, vaults_room_semicircle,
          vaults_dpeg_ring, layout_vaults_quadrants, mu_enter_wizlab_3,
          uniq_donald
Abyss:4:  gammafunk_abyss_rune_reverse_zot, evilmike_abyss_exit_kraken,
          hangedman_abyss_rune_flesh_and_stone, abyss_exit_lava,
          evilmike_abyss_rune_elephants_shrine, evilmike_abyss_exit_10,
          evilmike_abyss_exit_plants, evilmike_abyss_rune_tso_outpost,
          hangedman_abyss_rune_flesh_and_stone,
          grunt_abyss_rune_forest_and_sorcery

Skill      XL: |  1  2  3  4  5  6  7  8  9 10 11 12 13 14 15 16 17 18 19 20 |
---------------+-------------------------------------------------------------+-----
Polearms       | 5 6 7 8 9 11 12 14 15 17 18 19 20 21 22 23 | 23.4
Fighting       | 3 4 5 7 8 9 11 12 13 14 15 16 17 18 19 | 19.3
Shields        | 3 5 7 9 10 11 12 13 | 13.8
Dodging        | 6 8 10 11 12 13 15 16 17 18 19 | 19.2
Invocations    | 4 6 8 10 | 10.0
Armour         | 2 4 6 7 8 9 10 | 10.0
Throwing       | 4 7 |  7.0

Action                   |  1- 3 |  4- 6 |  7- 9 | 10-12 | 13-15 | 16-18 | 19-21 || total
-------------------------+-------+-------+-------+-------+-------+-------+-------++-------
Melee: Trident           |   146 |   281 |   381 |  1191 |  1972 |  2797 |  2036 ||  8804
       Tailslap          |       |       |       |     3 |    25 |   144 |    24 ||   196
       Spear             |       |       |       |       |   125 |    28 |       ||   153
Throw: Throwing net      |       |       |       |     1 |       |       |       ||     1
       Boomerang         |       |       |       |    30 |    15 |     1 |       ||    46
       Javelin           |       |       |       |       |       |       |     1 ||     1
Invok: Heroism           |       |       |     4 |    17 |     8 |    10 |     7 ||    46
       Finesse           |       |       |       |       |       |     6 |     4 ||    10
Evoke: Wand              |       |       |     5 |     4 |     3 |       |     2 ||    14
  Use: Scroll            |       |     5 |     5 |     8 |    16 |     7 |    10 ||    51
       Potion            |       |       |       |       |     2 |    11 |    12 ||    25
 Stab: Sleeping          |     2 |     2 |       |       |       |       |       ||     4
       Distracted        |     1 |     1 |     1 |       |       |     1 |     1 ||     5
       Held in net/web   |       |       |       |     2 |       |     5 |       ||     7
  Eat: Chunk             |     1 |     6 |     8 |    22 |    36 |    22 |    15 ||   110
       Ration            |       |     2 |       |     4 |     1 |     6 |     3 ||    16
Armor: Leather armour    |    19 |    34 |       |       |       |       |       ||    53
       Scale mail        |       |    16 |    63 |   180 |   178 |   419 |   160 ||  1016
       Ring mail         |       |     2 |       |       |       |       |       ||     2
       Chain mail        |       |       |       |       |       |    83 |       ||    83
       Skin              |       |       |       |       |       |    11 |       ||    11
Dodge: Dodged            |    85 |   190 |   103 |   351 |   936 |  2427 |  1046 ||  5138
Block: Buckler           |       |       |    35 |    16 |       |       |       ||    51
       Shield            |       |       |       |   314 |   883 |  1900 |   735 ||  3832
       Large shield      |       |       |       |       |       |       |   466 ||   466

Table legend:
 A = Non-vault XP
 B = Vault XP
 C = Vault XP percentage of total XP
 D = Non-vault monster count
 E = Vault monster count
 F = Vault count percentage of total count
                 A         B        C        D         E       F
            +---------+---------+-------+---------+---------+-------
      Total |  281247 |  190049 |  40.3 |    1041 |     378 |  26.6
            +---------+---------+-------+---------+---------+-------
        D:1 |      48 |       0 |   0.0 |      30 |       0 |   0.0
        D:2 |     107 |      18 |  14.4 |      26 |       3 |  10.3
        D:3 |     187 |       3 |   1.6 |      26 |       1 |   3.7
        D:4 |      88 |      35 |  28.5 |       7 |       1 |  12.5
        D:5 |     427 |     370 |  46.4 |      16 |      11 |  40.7
        D:6 |    1217 |     426 |  25.9 |      21 |       4 |  16.0
        D:7 |    1569 |    2446 |  60.9 |      27 |       6 |  18.2
        D:8 |     896 |     424 |  32.1 |      21 |       1 |   4.5
        D:9 |    2927 |    1076 |  26.9 |      24 |       8 |  25.0
       D:10 |    5513 |       0 |   0.0 |      54 |       0 |   0.0
       D:11 |    5920 |    2273 |  27.7 |      34 |       7 |  17.1
       D:12 |    6837 |    1370 |  16.7 |      40 |       4 |   9.1
       D:13 |    8706 |    2691 |  23.6 |      33 |       8 |  19.5
       D:14 |    6343 |       0 |   0.0 |      20 |       0 |   0.0
       D:15 |   11448 |    8989 |  44.0 |      31 |      12 |  27.9
     Lair:1 |    2837 |       0 |   0.0 |      13 |       0 |   0.0
     Lair:2 |    9876 |    1348 |  12.0 |      31 |       9 |  22.5
     Lair:3 |    4850 |    1147 |  19.1 |      19 |       8 |  29.6
     Lair:4 |    1638 |    1686 |  50.7 |      13 |       5 |  27.8
     Lair:5 |    3037 |     628 |  17.1 |      13 |       3 |  18.8
     Lair:6 |   12357 |   12893 |  51.1 |      41 |      36 |  46.8
    Swamp:1 |    8658 |       0 |   0.0 |      28 |       0 |   0.0
    Swamp:2 |   12929 |    3661 |  22.1 |      28 |       1 |   3.4
    Swamp:3 |   13771 |       0 |   0.0 |      33 |       0 |   0.0
    Swamp:4 |   20342 |   18077 |  47.1 |      45 |      30 |  40.0
   Spider:1 |   14436 |       0 |   0.0 |      37 |       0 |   0.0
   Spider:2 |   20746 |    5344 |  20.5 |      61 |      12 |  16.4
   Spider:3 |   18741 |    4692 |  20.0 |      60 |       3 |   4.8
   Spider:4 |   14145 |   22802 |  61.7 |      39 |      38 |  49.4
      Orc:1 |    4354 |    7379 |  62.9 |      37 |      11 |  22.9
      Orc:2 |    4754 |    6090 |  56.2 |      16 |      11 |  40.7
   Vaults:1 |   27355 |   12803 |  31.9 |      44 |      19 |  30.2
   Vaults:2 |   12349 |   25890 |  67.7 |      25 |      32 |  56.1
   Vaults:3 |   11726 |   10491 |  47.2 |      24 |      15 |  38.5
    Abyss:4 |   10113 |   13105 |  56.4 |      24 |      13 |  35.1
      IceCv |       0 |    9509 | 100.0 |       0 |      48 | 100.0
     WizLab |       0 |   12383 | 100.0 |       0 |      18 | 100.0
            +---------+---------+-------+---------+---------+-------
